 Dungeon Crawl Stone Soup version 0.21-a0-538-gd16b88a (webtiles) character file.

49 polly the Skirmisher (level 3, -1/29 HPs)
             Began as a Demonspawn Berserker on Dec 16, 2017.
             Was a Believer of Trog.
             Slain by Sigmund
             ... wielding a +0 scythe
              (10 damage)
             ... on level 2 of the Dungeon.
             The game lasted 00:02:49 (961 turns).

polly the Skirmisher (Demonspawn Berserker)          Turns: 961, Time: 00:02:50

Health: -1/29      AC: 11    Str: 17    XL:     3   Next: 51%
Magic:  3/3        EV: 11    Int:  8    God:    Trog [**....]
Gold:   67         SH:  0    Dex: 13    Spells: 2/2 levels left

rFire    . . .     SeeInvis .   e - +1 whip (vamp)
rCold    . . .     Gourm    .   (no shield)
rNeg     . . .     Faith    .   k - +0 ring mail
rPois    .         Spirit   .   d - +2 helmet
rElec    .         Reflect  .   (no cloak)
rCorr    .         Harm     .   (no gloves)
MR       .....                  (no boots)
Stlth    ..........             (no amulet)
HPRegen  0.09/turn              (no ring)
MPRegen  0.08/turn              (no ring)

@: confused, drained
A: yellow scales 2
a: Berserk, Trog's Hand, Burn Spellbooks, Renounce Religion


You were on level 2 of the Dungeon.
You worshipped Trog.
Trog was pleased with you.
You were not hungry.

You visited 1 branch of the dungeon, and saw 2 of its levels.

You collected 67 gold pieces.

Inventory:

Hand Weapons
 e - a +1 vampiric whip (weapon)
Armour
 d - a +2 helmet (worn)
 k - a +0 ring mail (worn)
Scrolls
 a - 2 scrolls of fear
Comestibles
 g - a meat ration


   Skills:
 + Level 3.4(3.3) Fighting
   Level 2.7(2.9) Axes
 * Level 1.5(2.3) Maces & Flails
 + Level 1.9(1.8) Armour
 + Level 2.3(2.2) Dodging
 + Level 0.1(0.0) Stealth


You had 2 spell levels left.
You didn't know any spells.

Dungeon Overview and Level Annotations

Branches:
Dungeon (2/15)

Altars:

Annotations:
D:2 Sigmund


Innate Abilities, Weirdness & Mutations

You are mostly covered in yellow scales. (AC +3)


Message History

You hear some strange, mumbled words.
Something tries to affect you, but you resist.
You barely miss something.
You hear some strange, mumbled words.
A puff of flame appears from out of thin air!
The puff of flame hits you!
You hit something. Something hits you.
You hit something but do no damage. You miss something. Something hits you.
You miss something. Something hits you but does no damage.
You hit something. You miss something. Something hits you.
You closely miss something.
You hear some strange, mumbled words.
You are confused.
You hear some strange, mumbled words.
You are more confused.
In your confused state, you trip and fall back down the stairs.
Something hits you!
You die...

... #.# #.#
#.# #g# #)#
#.#
#########.#
...(...@{g#
###########


You could see a goblin.

Vanquished Creatures
  Robin (D:2)
  A leopard gecko (D:1)
  4 hobgoblins
  7 jackals (D:1)
  5 bats (D:1)
  2 frilled lizards (D:1)
  7 goblins
  5 kobolds (D:1)
  3 rats (D:1)
35 creatures vanquished.

Notes
Turn   | Place    | Note
-------+----------+-------------------------------------------
     0 | D:1      | polly the Demonspawn Berserker began the quest for the Orb.
     0 | D:1      | Reached XP level 1. HP: 18/18 MP: 1/1
   180 | D:1      | Gained mutation: You are partially covered in yellow scales. (AC +2) [demonic ancestry]
   180 | D:1      | Reached XP level 2. HP: 23/24 MP: 2/2
   433 | D:1      | Reached skill level 1 in Maces & Flails
   441 | D:1      | Reached ** piety under Trog
   576 | D:2      | Noticed Robin
   579 | D:2      | Gained mutation: You are mostly covered in yellow scales. (AC +3) [demonic ancestry]
   579 | D:2      | Reached XP level 3. HP: 29/29 MP: 3/3
   581 | D:2      | Noticed Sigmund
   584 | D:2      | Killed Robin
   961 | D:2      | Slain by Sigmund

Vault maps used:
D:1:      matt_arrival_grand_opening, minmay_tall_x
D:2:      minmay_overflow_temple_star_hex, uniq_sigmund, uniq_robin

Skill      XL: |  1  2 |
---------------+-------+-----
Dodging        | 2 |  2.3
Maces & Flails | 1 |  1.5
Fighting       | |  3.4
Axes           | |  2.7
Armour         | |  1.9
Stealth        | |  0.1

Action                   || total
-------------------------++-------
Melee: Whip              ||   129
       Hand axe          ||     3
  Use: Scroll            ||     4
       Potion            ||     3
  Eat: Bread ration      ||     1
Armor: Animal skin       ||    39
       Skin              ||    31
       Ring mail         ||    13
Dodge: Dodged            ||    80

Table legend:
 A = Spawn XP
 B = Non-spawn XP
 C = Spawn XP percentage of total XP
 D = Spawn monster count
 E = Non-spawn monster count
 F = Spawn count percentage of total count
 G = Total turns spent on level
                    A         B        C        D         E        F      G
               +---------+---------+-------+---------+---------+-------+---------
         Total |       0 |      70 |   0.0 |       0 |      35 |   0.0 |   961
               +---------+---------+-------+---------+---------+-------+---------
           D:1 |       0 |      39 |   0.0 |       0 |      26 |   0.0 |   871
           D:2 |       0 |      31 |   0.0 |       0 |       9 |   0.0 |    90
               +---------+---------+-------+---------+---------+-------+---------
